 Dungeon Crawl Stone Soup version 0.30-a0-377-g5cb311bc9f (webtiles) character file.

Game seed: 156812030764227773

442 qeuew the Conjurer (level 7, -3/40 HPs)
             Began as a Tengu Conjurer on Nov 29, 2022.
             Was a Plaything of Xom.
             Splashed by a jelly's acid (5 damage)
             ... summoned by Xom
             ... on level 5 of the Dungeon.
             The game lasted 00:04:08 (3645 turns).

qeuew the Conjurer (Tengu Conjurer)                 Turns: 3645, Time: 00:04:09

Health: -3/40      AC: -1    Str:  6    XL:     7   Next: 2%
Magic:  1/12       EV: 12    Int: 29    God:    Xom [...*..]
Gold:   261        SH:  0    Dex: 13    Spells: 5/12 levels left

rFire   . . .      SeeInvis .    c - +1 dagger (speed)
rCold   . . .      Faith    +    (no shield)
rNeg    . . .      Spirit   .    i - +5 ring mail of the Screaming Gods {Rampage}
rPois   .          Reflect  .    (helmet restricted)
rElec   .          Harm     .    (no cloak)
rCorr   .          Rampage  +    (no gloves)
Will    .....                    (boots unavailable)
Stlth   +.........               g - amulet of faith
HPRegen 0.26/turn                a - +6 ring of intelligence
MPRegen 0.13/turn                (no ring)

@: corroded, flying quickly and evasively, quick
A: beak, talons 3, nimble flight, clever 1, inability to read after injury 1
a: Renounce Religion


You were on level 5 of the Dungeon.
You worshipped Xom.
You were a favourite toy of Xom.
You visited 1 branch of the dungeon, and saw 5 of its levels.

You collected 261 gold pieces.

Inventory:

Hand Weapons
 c - a +1 dagger of speed (weapon)
Armour
 i - the +5 ring mail of the Screaming Gods (worn) {Rampage}
   (You found it on level 2 of the Dungeon)

   Rampage:   It bestows one free step when moving towards enemies.
Jewellery
 a - a +6 ring of intelligence (left hand)
 g - an amulet of faith (around neck)
Wands
 f - a wand of polymorph (4)
Scrolls
 j - a scroll of brand weapon
 k - a scroll of blinking
Potions
 b - a potion of magic
 d - a potion of might
 e - a potion of heal wounds
 n - a potion of curing


   Skills:
 + Level 2.3 Fighting
 + Level 2.6 Short Blades
 + Level 2.7 Armour
 + Level 3.6 Dodging
 - Level 2.0 Stealth
 + Level 3.2 Spellcasting
 + Level 6.4 Conjurations
 + Level 0.6 Translocations
 + Level 0.8 Evocations


You had 5 spell levels left.
You knew the following spells:

 Your Spells              Type           Power      Damage    Failure   Level
a - Magic Dart            Conj           100%       1d8       1%          1
b - Searing Ray           Conj           84%        2d7       3%          2
c - Iskenderun's Mystic   Conj/Tloc      25%        2d7       54%         4

Your spell library contained the following spells:

 Spells                   Type           Power      Damage    Failure   Level
 Dazzling Flash           Conj/Hex       46%        N/A       22%         3
 Beastly Appendage        Tmut           8%         N/A       28%         1
 Necrotise                Necr           16%        1d4       28%         1
 Wereblood                Tmut           4%         N/A       38%         2
 Fulminant Prism          Conj/Hex       11%        3d9       58%         4
 Spider Form              Tmut/Pois      4%         N/A       63%         3
 Vampiric Draining        Necr           4%         2d6       63%         3
 Agony                    Necr           4%         N/A       100%        5


Dungeon Overview and Level Annotations

Branches:
Dungeon (5/15)             Temple (0/1) D:4

Altars:
Ru
Vehumet
Xom


Innate Abilities, Weirdness & Mutations

You have a beak for a mouth.
You have claws for feet.
Your magical nature lets you fly swiftly and evasively.
Your mind is acute. (Int +4, Str/Dex -1)
You occasionally lose the ability to read scrolls when taking damage.


Message History

The gnoll bouda is lightly wounded.
The jelly barely misses you.
The gnoll bouda barks out a call to the hunt!
The gnolls pick up the pace!
The gnoll hits you from afar with a +0 spear.
You hit the gnoll bouda. You claw the gnoll bouda.
The gnoll bouda is moderately wounded.
There are monsters nearby!
The magic dart hits the gnoll bouda but does no damage.
The gnoll bouda is moderately wounded.
The gnoll bouda hits you with a +0 club.
The jelly hits you.
You are splashed with acid!
A shower of butterflies erupts from you!
The gnoll hits you but does no damage.
You barely miss the gnoll bouda.
You claw the gnoll bouda, but do no damage.
The gnoll bouda is moderately wounded.
The gnoll closely misses you. The gnoll bouda closely misses you.
The jelly hits you but does no damage.
Unknown command.
You hit the jelly.
Your hands burn!
You claw the jelly. You peck the jelly, but do no damage.
The jelly is moderately wounded.
You hit the jelly but do no damage. The acid corrodes you!
Your hands burn!
The jelly is moderately wounded.
The jelly hits you but does no damage. The gnoll bouda closely misses you.
The gnoll hits you from afar with a +0 spear.
You hit the jelly. The acid corrodes you!
Your hands burn!
* * * LOW HITPOINT WARNING * * *
The jelly is moderately wounded.
Unknown command.
You hit the jelly but do no damage. The acid corrodes you!
Your hands burn!
* * * LOW HITPOINT WARNING * * *
You claw the jelly, but do no damage.
The jelly is moderately wounded.
The jelly hits you.
* * * LOW HITPOINT WARNING * * *
The acid corrodes you!
You are splashed with acid.
You die...
Xom titters!

#########
##......†##
#.8#####8.#
#.##.).##.#
######b#.8)8.#.#
#..gggb#.)<..'.#
#....#@#.8.8.#.#
#..>...#J##...##.#
.......#b8#####8.#
.......##.. .##
....... ### #
..(.... ...gg..


You could see a gnoll bouda (summoned), a jelly (summoned, ally target) and 2
gnolls.

Vanquished Creatures
  Grinder (D:3)
  A scorpion (D:4)
  An orc wizard (D:4)
  3 gnolls (D:5)
  3 adders
  A worm (D:3)
  3 dart slugs
  9 orcs
  3 bats
  8 endoplasms
  4 giant cockroaches
  8 goblins
  2 hobgoblins
  6 jackals
  7 kobolds
  5 quokkas
  4 ball pythons
  3 frilled lizards
  5 rats
77 creatures vanquished.

Vanquished Creatures (collateral kills)
  A quokka (D:3)
1 creature vanquished.

Grand Total: 78 creatures vanquished

Notes
Turn   | Place    | Note
-------+----------+-------------------------------------------
     0 | D:1      | qeuew the Tengu Conjurer began the quest for the Orb.
     0 | D:1      | Reached XP level 1. HP: 10/10 MP: 4/4
   143 | D:1      | Reached XP level 2. HP: 16/16 MP: 4/6
   594 | D:1      | You fall into a shaft and drop 1 floor!
   597 | D:2      | Found a faded altar of an unknown god.
   634 | D:2      | Reached skill level 1 in Armour
   643 | D:2      | Prayed at the altar of an unknown god.
   643 | D:2      | Became a worshipper of Xom of Chaos
   734 | D:1      | Reached XP level 3. HP: 20/20 MP: 4/7
  1404 | D:2      | Reached skill level 1 in Fighting
  1404 | D:2      | Reached skill level 1 in Short Blades
  1583 | D:2      | Identified the +5 ring mail of the Screaming Gods {Rampage}
  1686 | D:2      | Found a radiant altar of Vehumet.
  1978 | D:3      | Reached XP level 4. HP: 25/25 MP: 5/8
  2044 | D:3      | Noticed Grinder
  2045 | D:3      | XOM: enchant monster (good)
  2060 | D:3      | Killed Grinder
  2061 | D:3      | Reached skill level 6 in Conjurations
  2061 | D:3      | Gained mutation: Your magical nature lets you fly swiftly
                  | and evasively. [Tengu growth]
  2061 | D:3      | Reached XP level 5. HP: 15/30 MP: 6/10
  2061 | D:3      | Reached XP level 6. HP: 17/35 MP: 6/11
  2064 | D:3      | Learned a level 2 spell: Searing Ray
  2069 | D:3      | Learned a level 4 spell: Iskenderun's Mystic Blast
  2235 | D:3      | XOM: divination: detect creatures
  2259 | D:3      | XOM: silly message
  2394 | D:3      | XOM: cloud trail
  2704 | D:3      | XOM: god gift: 11 gold pieces
  3072 | D:4      | Found a staircase to the Ecumenical Temple.
  3131 | D:4      | Found a sacrificial altar of Ru.
  3516 | D:4      | Gained mutation: You occasionally lose the ability to read
                  | scrolls when taking damage. [potion of mutation]
  3516 | D:4      | Gained mutation: Your mind is acute. (Int +4, Str/Dex -1)
                  | [potion of mutation]
  3523 | D:5      | Entered Level 5 of the Dungeon
  3530 | D:5      | XOM: cast spell 'Chain of Chaos'
  3624 | D:5      | Reached XP level 7. HP: 39/40 MP: 3/12
  3637 | D:5      | XOM: summons 2 hostile shadow creatures
  3640 | D:5      | XOM: butterfly on damage
  3645 | D:5      | HP: 2/40 [jelly[Xom] (2)]
  3645 | D:5      | Splashed by a jelly's acid

Illustrated notes

Levels and vault maps discovered:
D:1:      dpeg_arrival_prison, layout_basic
D:2:      layout_loops_cross, basic_altar,
          hellmonk_ecumenical_altar_slurped_away
D:3:      layout_loops_corners, uniq_grinder
D:4:      layout_cave_pools, mainiacjoe_overflow_small_starburst, temple_doors_e
D:5:      wad_river_or_something, layout_basic, portal_sewer_entry_f,
          dk_noncrumbling_3, grunt_ministairs_11

Skill      XL: |  1  2  3  4  5  6 |
---------------+-------------------+-----
Armour         | 1 2 |  2.7
Fighting       | 1 2 |  2.3
Short Blades   | 1 2 |  2.6
Dodging        | 3 |  3.6
Conjurations   | 6 |  6.4
Spellcasting   | 3 |  3.2
Stealth        | |  2.0
Translocations | |  0.6
Evocations     | |  0.8

Action                   |  1- 3 |  4- 6 |  7- 9 || total
-------------------------+-------+-------+-------++-------
Melee: Unarmed           |     2 |       |       ||     2
       Kick              |     5 |    28 |     4 ||    37
       Dagger            |     9 |    85 |     7 ||   101
       Peck              |     2 |    13 |     1 ||    16
 Cast: Magic Dart        |    59 |    44 |     4 ||   107
  Use: Scroll            |     4 |     6 |       ||    10
       Potion            |       |     3 |       ||     3
 Stab: Sleeping          |       |     1 |       ||     1
Armor: Robe              |     3 |       |       ||     3
       Ring mail         |     1 |    32 |     4 ||    37
Dodge: Dodged            |    13 |    32 |     4 ||    49

Table legend: (Time is in decaauts)
 A = Elapsed time spent in this place.
 B = Non-inter-level travel time spent in this place.
 C = Inter-level travel time spent in this place.
 D = Time resting spent in this place.
 E = Time spent auto-exploring this place.
 F = Levels seen in this place.
 G = Mean time per level.
                   A        B        C        D        E       F      G
               +--------+--------+--------+--------+--------+-----+--------+
         Total |   3495 |   3348 |    147 |      0 |   2925 |   5 |  699.0 |
       Dungeon |   3495 |   3348 |    147 |      0 |   2925 |   5 |  699.0 |
               +--------+--------+--------+--------+--------+-----+--------+

Top non-repeatable levels by time:
     D:1: 1123 daAuts
     D:2: 838 daAuts
     D:3: 831 daAuts
     D:4: 594 daAuts
     D:5: 107 daAuts
